Map: Babylon LE

Players

oktopica

  • Race: Protoss Protoss
  • Spawn Location: 5:00

grillbottom - Winner!

  • Race: Terran Terran
  • League: Silver
  • Spawn Location: 11:00

VOD

Have the link to the VOD?

Description

Time

  • Played on: March 14, 2023, 10:51 a.m.
  • Length: 7:39
Show
View Real Time Build Order
Export as new Build Order

oktopica Protoss 

Build Orders:  

Get SALT Encoding   

  12  0:01  Probe  
  13  0:13  Probe  
  14  0:21  Pylon  
  14  0:30  Pylon  
  14  0:39  Pylon  
  14  0:54  Gateway  
  14  0:58  Probe  
  15  1:11  Forge  
  15  1:14  Assimilator  
  15  1:19  Assimilator  
  15  1:33  Pylon  
  15  1:38  Probe  
  16  1:42  Zealot  
  18  1:51  Probe  
  19  2:03  Probe  
  20  2:09  Zealot  
  22  2:15  Probe  
  23  2:24  Cybernetics Core  
  23  2:29  Probe  
  24  2:37  Zealot  
  26  2:41  Probe  
  27  2:46  Cybernetics Core  
  27  2:53  Probe  
  28  2:59  Photon Cannon  
  28  3:01  Warp Gate  
  28  3:04  Zealot  
  30  3:31  Stalker  
  32  3:41  Nexus  
  32  4:01  Zealot  
  34  4:11  Shield Battery  
  34  4:18  Twilight Council  
  34  4:21  Stargate  
  34  4:53  Zealot  
  34  4:56  Protoss Air Weapons Level 1  
  34  4:57  Probe  
  37  5:00  Probe  
  38  5:09  Probe  
  38  5:12  Probe  
  36  5:22  Probe  
  36  5:24  Probe  
  34  5:34  Probe  
  29  5:36  Stalker  
  31  5:46  Probe  
  25  6:00  Adept  
  17  6:26  Stalker  
  15  6:41  Pylon  
  12  6:50  Stalker  
  2  7:15  Stalker  
Show
View Real Time Build Order
Export as new Build Order

grillbottom Terran - Winner!

Build Orders:  

Get SALT Encoding   

  12  0:00  SCV  
  13  0:15  SCV  
  13  0:17  Supply Depot  
  14  0:27  SCV  
  15  0:40  Barracks  
  15  0:42  Refinery  
  15  0:44  SCV  
  16  0:56  SCV  
  17  1:08  SCV  
  18  1:21  SCV  
  19  1:27  Marine  
  19  1:30  Supply Depot  
  20  1:33  Orbital Command  
  20  1:45  Barracks Reactor  
  20  1:58  Command Center  
  20  2:01  SCV  
  21  2:18  Barracks  
  21  2:19  Barracks  
  21  2:25  SCV  
  21  2:27  Marine  
  21  2:29  Marine  
  24  2:36  Supply Depot  
  24  2:43  Factory  
  24  2:51  Refinery, SCV  
  25  3:02  Marine  
  25  3:03  SCV, Marine  
  28  3:15  SCV, Orbital Command  
  29  3:22  Barracks Tech Lab  
  29  3:24  Barracks Tech Lab  
  29  3:28  SCV  
  29  3:31  Hellion  
  29  3:33  Orbital Command  
  32  3:36  Marine x2  
  34  3:44  Stimpack  
  34  3:45  Concussive Shells  
  34  3:49  Marauder  
  34  3:53  Marauder  
  38  3:56  SCV  
  38  4:00  SCV  
  40  4:03  Marine x2  
  40  4:08  Hellion  
  44  4:10  SCV  
  44  4:12  Marine  
  46  4:21  Marine  
  46  4:22  Marine x2  
  49  4:26  SCV x2  
  49  4:30  Combat Shield  
  49  4:31  Marauder  
  53  4:39  Supply Depot  
  53  4:40  SCV  
  54  4:51  Supply Depot  
  54  5:00  SCV, Marine x4  
  54  5:01  Hellion  
  61  5:10  SCV  
  61  5:13  SCV  
  63  5:18  Marine x2  
  60  5:35  Marine x2  
  61  5:36  SCV x2, Marine x2  
  61  5:40  Barracks  
  61  5:42  Barracks  
  66  5:43  Barracks  
  66  5:46  Barracks  
  66  5:53  Marine x2  
  65  6:08  Marine x2  
  65  6:09  SCV x2  
  65  6:11  Marine  
  68  6:13  Hellion  
  70  6:21  Starport  
  70  6:25  Supply Depot  
  70  6:27  Supply Depot  
  70  6:37  Command Center  
  70  6:46  Marine x2  
  70  6:47  Marine x2, SCV x2  
  74  6:48  Marine x2  
  74  6:53  Marine  
  74  6:54  Marine  
  80  6:59  Starport Tech Lab, SCV x2  
  82  7:03  Starport Reactor  
  82  7:04  Marine x2  
  82  7:05  Supply Depot  
  84  7:17  Marine  
  84  7:18  Marine  
  86  7:24  Supply Depot  
  86  7:26  SCV x2  
  94  7:37  Barracks  
Tags
 
League
Silver
Matchup
PvT
Spawn Locations
Cross Positions
Add a new tag
Caveats
  • Supply blocks, unpowered buildings, or Contaminate may cause inaccurate times.
  • Supply counts are checked every 10 seconds.